 Dungeon Crawl Stone Soup version 0.14-a0-942-gbd853f2 (webtiles) character file.

1463 PolkaDot the Ruinous (level 8, -1/52 HPs)
             Began as a Vampire Conjurer on Nov 19, 2013.
             Was an Initiate of Vehumet.
             Slain by an orc warrior
             ... wielding a -1,+1 orcish short sword
              (10 damage)
             ... on Level 7 of the Dungeon.
             The game lasted 00:27:25 (5543 turns).

PolkaDot the Ruinous (Vampire Conjurer)             Turns: 5543, Time: 00:27:25

HP  -1/52        AC  5     Str  7      XL: 8   Next: 30%
MP   3/22        EV 12     Int 19      God: Vehumet [......]
Gold 177         SH  0     Dex 14      Spells:  3 memorised,  2 levels left

Res.Fire  : + . .   See Invis. : +   h - +3 long sword
Res.Cold  : . . .   Warding    : .   w - +2 robe {rF+}
Life Prot.: + . .   Conserve   : .   (no shield)
Res.Poison: .       Res.Corr.  : .   (no helmet)
Res.Elec. : .       Clarity    : .   n - +0 cloak
Sust.Abil.: . .     Spirit.Shd : .   (no gloves)
Res.Mut.  : .       Stasis     : .   (no boots)
Res.Rott. : .       Flight     : .   (no amulet)
Saprovore : . . .                    x - ring of magical power
                                     f - ring of wizardry

@: somewhat resistant to hostile enchantments, stealthy
A: bottle blood, fangs 3, see invisible, unbreathing
a: Bat Form, Bottle Blood, Renounce Religion


You were on level 7 of the Dungeon.
You worshipped Vehumet.
Vehumet was noncommittal.
You were not thirsty.

You visited 2 branches of the dungeon, and saw 8 of its levels.

You collected 177 gold pieces.

Inventory:

Hand weapons
 h - a +3,+3 long sword (weapon)
Armour
 n - a +0 cloak (worn)
 w - a +2 robe of fire resistance (worn)
Magical devices
 b - a wand of confusion (10)
 s - a wand of fireball (3)
 v - a wand of random effects (9)
Scrolls
 a - a scroll of enchant weapon I
 g - a scroll of curse armour {unknown}
 l - 4 scrolls of remove curse
 m - 2 scrolls of amnesia
 o - 4 scrolls of blinking {unknown}
 q - 3 scrolls of teleportation {unknown}
 t - a scroll of identify
 u - 2 scrolls of enchant weapon II {unknown}
 y - a scroll of fear {unknown}
Jewellery
 f - a ring of wizardry (left hand)
 x - a ring of magical power (right hand)
Potions
 d - 2 potions of heal wounds
 e - a potion of speed
 i - 3 potions of curing
 j - 2 potions of resistance
 k - a potion of confusion
 p - 2 potions of agility
 r - 3 potions of restore abilities
 A - a potion of flight {unknown}
Books
 c - a book of Conjurations

   Spells                             Type                      Level
   *Magic Dart                        Conjuration                  1
   *Searing Ray                       Conjuration                  2
   Dazzling Spray                     Conjuration/Hexes            3
   Iskenderun's Mystic Blast          Conjuration                  4
   *Iskenderun's Battlesphere         Conjuration/Charms           4
   Fulminant Prism                    Conjuration/Hexes            5
 z - a book of Power

   Spells                             Type                      Level
   Iskenderun's Mystic Blast          Conjuration                  4
   Venom Bolt                         Conjuration/Poison           5
   Bolt of Magma                      Conjuration/Fire/Earth       5
   Fulminant Prism                    Conjuration/Hexes            5
   Iron Shot                          Conjuration/Earth            6
   Orb of Destruction                 Conjuration                  7


   Skills:
 - Level 2.1 Dodging
 - Level 3.0 Stealth
 - Level 1.0 Spellcasting
 * Level 7.6 Conjurations
 + Level 4.7 Charms


You had 2 spell levels left.
You knew the following spells:

 Your Spells              Type           Power        Failure   Level  Hunger
a - Magic Dart            Conj           ####         1%          1    ##.....
s - Searing Ray           Conj           ####..       1%          2    ###....
z - Iskenderun's Battles  Conj/Chrm      ###.....     7%          4    #####..


Dungeon Overview and Level Annotations

Branches:
Dungeon (7/16)             Temple (1/1) D:7
    Orc: D:6-11

Altars:
Ashenzari
Cheibriados
Elyvilon
Kikubaaqudgha
Makhleb
Okawaru
Sif Muna
Trog
Vehumet
Xom
Zin
the Shining One


Innate Abilities, Weirdness & Mutations

You can bottle blood from corpses.
You have razor-sharp teeth.*
You have supernaturally acute eyesight.
You can survive without breathing.*


Message History

The searing ray misses the orc warrior.
The orc warrior hits you with an orcish short sword!
The searing ray hits the orc warrior.
The orc warrior is almost dead.
The orc warrior barely misses you.
Casting: Searing Ray
Confirm with . or Enter, or press ? or * to list all spells.
Aiming: Searing Ray
Press: ? - help, Shift-Dir - straight line, f/p - orc warrior
Aim: an orc warrior, wielding an orcish short sword and wearing an orcish plate armour (almost dead)
The searing ray hits the orc warrior.
The orc warrior is almost dead.
* * * LOW MAGIC WARNING * * *
The orc warrior hits you with an orcish short sword!
* * * LOW HITPOINT WARNING * * *
The searing ray hits the orc warrior.
The orc warrior is almost dead.
* * * LOW MAGIC WARNING * * *
The orc warrior hits you with an orcish short sword!
You die...

*,,** #)# #.# **,,* #.# #.##
***+**** #####)###### #..###
,,,,,,,* #..........#** ##...#
,,,,,,,* #..........+,######.##
,,,,,,,* #..........#.#.......<
,,,,,,,#***#..........#.........%
,,,,,,.'...#..........###........
,,,,,,,**#.'.)..@.....# #........
,,,,,,,**#.#..).o.....# #........
,,,,,,,,.......#'###### #........
**,,,,,..(.....#.#* *##..####
*,,,,,........#..* *#.#****
**,,,,,,.......##'#** *,.,,,,,
*,,,,,,,>.......,..,* *,,,,,,,
*,,,,,,,,,......,...******,,,,,,,
*,,,,,,,,,,,,...,.,,+,,,,+,,,,,,,


You could see an orc warrior.

Vanquished Creatures
  An orc warrior (D:7)
  An ice beast (D:6)
  A centaur (D:5)
  2 ogres
  Sigmund (D:5)
  3 wights (D:7)
  3 goliath beetles
  4 orc priests
  A hound (D:6)
  3 scorpions (D:7)
  A water moccasin zombie (D:5)
  3 worker ants
  An orc wizard (D:5)
  Jessica (D:3)
  4 gnolls (D:6)
  3 adders
  A worm zombie (D:6)
  A giant mite (D:3)
  A worm (D:5)
  2 giant geckos
  2 oozes (D:5)
  11 orcs
  A bat skeleton (D:5)
  5 giant cockroaches
  15 hobgoblins
  8 jackals
  3 quokkas (D:6)
  13 bats
  A giant newt (D:3)
  9 goblins
  4 kobolds
  An orc zombie (D:5)
  A quokka skeleton (D:6)
  14 rats
  2 rat skeletons (D:5)
128 creatures vanquished.

Notes
Turn   | Place    | Note
--------------------------------------------------------------
     0 | D:1      | PolkaDot, the Vampire Conjurer, began the quest for the Orb.
     0 | D:1      | Reached XP level 1. HP: 13/13 MP: 4/4
   454 | D:1      | Reached XP level 2. HP: 19/19 MP: 5/5
   743 | D:2      | Reached XP level 3. HP: 16/24 MP: 6/6
  1279 | D:3      | Learned a level 2 spell: Searing Ray
  1325 | D:3      | Reached skill level 4 in Conjurations
  1555 | D:3      | Noticed Jessica
  1570 | D:3      | Killed Jessica
  1570 | D:3      | Reached XP level 4. HP: 13/30 MP: 4/8
  1989 | D:5      | Entered Level 5 of the Dungeon
  2097 | D:5      | Noticed an ogre
  2447 | D:6      | Reached XP level 5. HP: 32/35 MP: 9/9
  2546 | D:6      | Reached skill level 5 in Conjurations
  3115 | D:6      | Reached XP level 6. HP: 36/41 MP: 10/10
  3546 | D:6      | Learned a level 4 spell: Iskenderun's Battlesphere
  3685 | D:6      | Noticed an ice beast
  3696 | D:6      | Killed an ice beast
  3696 | D:6      | Reached skill level 6 in Conjurations
  3696 | D:6      | Reached skill level 1 in Charms
  3989 | D:5      | Killed an ogre
  3989 | D:5      | Reached XP level 7. HP: 29/46 MP: 11/11
  4300 | D:5      | Noticed Sigmund
  4308 | D:5      | Killed Sigmund
  4329 | D:5      | Noticed a centaur
  4373 | D:5      | Killed a centaur
  4825 | D:6      | Noticed an ogre
  4832 | D:6      | Killed an ogre
  4832 | D:6      | Reached skill level 7 in Conjurations
  4961 | D:7      | Found a staircase to the Ecumenical Temple.
  4967 | Temple   | Entered the Ecumenical Temple
  4982 | Temple   | Became a worshipper of Vehumet
  5004 | D:7      | Reached XP level 8. HP: 20/52 MP: 13/13
  5543 | D:7      | Slain by an orc warrior

Action                   |  1- 3 |  4- 6 |  7- 9 || total
-------------------------+-------+-------+-------++-------
Melee: Spear             |   110 |   171 |    27 ||   308
       Scythe            |       |       |    36 ||    36
 Cast: Magic Dart        |     3 |    12 |     7 ||    22
       Searing Ray       |     2 |    23 |    24 ||    49
       Iskenderun's Batt |       |     4 |    11 ||    15
Evoke: Wand              |     1 |     5 |       ||     6
  Use: Scroll            |     4 |     4 |     6 ||    14
       Potion            |       |     1 |     1 ||     2
 Stab: Sleeping          |     9 |     5 |       ||    14
       Confused          |       |     2 |       ||     2
